 Dungeon Crawl Stone Soup version 0.26.1-11-gd32895ea62 (webtiles) character file.

Game seed: 5160487993764515495

2184 Almogavar the Covert (level 9, -14/47 HPs)
             Began as a Kobold Conjurer on July 8, 2021.
             Was an Initiate of Nemelex Xobeh.
             Demolished by Harold
             ... wielding a +0 glaive
              (25 damage)
             ... on level 7 of the Dungeon.
             The game lasted 00:22:30 (8496 turns).

Almogavar the Covert (Kobold Conjurer)              Turns: 8496, Time: 00:22:31

Health: -14/47     AC:  3    Str:  4    XL:     9   Next: 59%
Magic:  13/16      EV:  8    Int: 23    God:    Nemelex Xobeh [......]
Gold:   252        SH:  0    Dex: 13    Spells: 11/18 levels left

rFire    + . .     SeeInvis .   e - +0 dagger
rCold    . . .     Faith    .   (shield restricted)
rNeg     . . .     Spirit   .   q - +1 robe {rF+}
rPois    .         Reflect  .   (no helmet)
rElec    .         Harm     .   (no cloak)
rCorr    .         Rampage  .   (no gloves)
Will     .....                  (no boots)
Stlth    +++++.....             u - amulet of the acrobat
HPRegen  0.15/turn              (no ring)
MPRegen  0.15/turn              k - ring of flight

@: marked, acrobat, held
A: small, nightstalker 3
a: Renounce Religion, Evoke Flight, Draw Escape, Draw Destruction, Draw
Summoning


You were on level 7 of the Dungeon.
You worshipped Nemelex Xobeh.
Nemelex Xobeh was noncommittal.
You visited 2 branches of the dungeon, and saw 8 of its levels.

You collected 252 gold pieces.

Inventory:

Hand Weapons
 e - a +0 dagger (weapon)
 v - a +2 short sword of holy wrath
Armour
 h - a +0 robe of resistance
 q - a +1 robe of fire resistance (worn)
 t - a +0 leather armour
Jewellery
 k - a ring of flight (right hand)
 u - an amulet of the acrobat (around neck)
Wands
 a - a wand of random effects (15)
 p - a wand of flame (9)
Scrolls
 b - 7 scrolls of teleportation
 f - a scroll of blinking
 j - 2 scrolls of remove curse
 m - a scroll of enchant weapon {unknown}
 n - 3 scrolls of amnesia {unknown}
 w - a scroll of fog {unknown}
Potions
 c - 2 potions of brilliance
 d - a potion of cancellation
 l - 3 potions of curing
 o - 2 potions of berserk rage {unknown}
 r - a potion of degeneration {unknown}
 s - 2 potions of ambrosia {unknown}


   Skills:
 + Level 1.2 Fighting
 * Level 6.2 Short Blades
 + Level 3.8 Dodging
 + Level 10.5 Stealth
 + Level 5.1 Spellcasting
 + Level 6.8 Conjurations
 * Level 2.5 Translocations


You had 11 spell levels left.
You knew the following spells:

 Your Spells              Type           Power        Failure   Level
a - Magic Dart            Conj           100%         1%          1
b - Searing Ray           Conj           74%          1%          2
c - Iskenderun's Mystic   Conj/Tloc      27%          13%         4

Your spell library contained the following spells:

 Spells                   Type           Power        Failure   Level
 Apportation              Tloc           34%          3%          1
 Dazzling Flash           Conj/Hex       42%          7%          3
 Animate Skeleton         Necr           10%          10%         1
 Corona                   Hex            5%           10%         1
 Summon Small Mammal      Summ           20%          10%         1
 Fulminant Prism          Conj/Hex       10%          22%         4


Dungeon Overview and Level Annotations

Branches:
Dungeon (7/15)             Temple (1/1) D:6

Altars:
Ashenzari
Cheibriados
Elyvilon
Fedhas
Hepliaklqana
Nemelex Xobeh
Okawaru
Qazlal
Ru
Trog
Vehumet
Wu Jian
Yredelemnul
Zin

Shops:
D:4 :   D:5 =   D:6 =

Annotations:
D:7 Dowan, Harold


Innate Abilities, Weirdness & Mutations

You are small and have problems with some larger weapons.
You are completely attuned to the shadows.


Message History

You feel much better.
Harold hits you from afar with a +0 glaive.
Magic courses through your body.
Dowan, Brother of Duvessa comes into view.
He is wielding a +2 dagger of speed.
Harold hits you from afar with a +0 glaive!
* * * LOW HITPOINT WARNING * * *
Casting: Searing Ray (safe; 1% risk of failure)
Confirm with . or Enter, or press ? or * to list all spells.
Aiming: Searing Ray (safe; 1% risk of failure)
Press: ? - help, Shift-Dir - straight line, f/p - Harold
Aim: Harold, wielding a +0 glaive, wearing a +0 scale mail and quivering 2 throwing nets (severely wounded, 12% to evade)
The searing ray hits Harold.
Harold is severely wounded. (Press . to maintain the ray.)
The searing ray hits Harold!
Harold is almost dead.
Harold hits you from afar with a +0 glaive!!
Ouch! That really hurt!
You die...
Your body disappears without a glow.

....'.........#
....#.....[...#
###.###'##.####
###.###.##.#
......#....#
......+....#
.###+##.##.#####
.###.#####.##..##+###
................@....
...†......)..........
....).............@e.
.......).............
.....................
..###..<###. ..#
#†.†# ..(......
..........


You could see Harold and Dowan.

Vanquished Creatures
  A troll (D:7)
  Sigmund (D:5)
  A wyvern (D:5)
  A water moccasin (D:5)
  An orc warrior (D:6)
  2 sky beasts
  A black bear (D:7)
  4 centaurs
  A phantom (D:5)
  3 bullfrogs
  A bullfrog zombie (D:5)
  2 orc priests (D:6)
  An orc wizard (D:6)
  An iguana (D:6)
  3 worker ants
  A hound zombie (D:5)
  A hound skeleton (D:5)
  7 gnolls
  2 howler monkey skeletons
  10 adders
  2 shadow imps (D:5)
  4 white imps
  An ufetubus (D:5)
  4 worms
  An adder skeleton (D:5)
  2 leopard geckos
  13 orcs
  5 ball pythons
  4 giant cockroaches
  10 goblins
  10 hobgoblins
  10 jackals
  3 quokkas
  7 bats
  13 frilled lizards
  11 kobolds
  9 rats
154 creatures vanquished.

Vanquished Creatures (others)
  3 plants
3 creatures vanquished.

Grand Total: 157 creatures vanquished

Notes
Turn   | Place    | Note
-------+----------+-------------------------------------------
     0 | D:1      | Almogavar the Kobold Conjurer began the quest for the Orb.
     0 | D:1      | Reached XP level 1. HP: 10/10 MP: 3/3
   187 | D:1      | Reached XP level 2. HP: 15/15 MP: 0/5
   190 | D:1      | Learned a level 2 spell: Searing Ray
   534 | D:1      | Reached XP level 3. HP: 19/19 MP: 1/6
  1370 | D:2      | Reached skill level 5 in Conjurations
  1522 | D:2      | Reached XP level 4. HP: 24/24 MP: 4/7
  1643 | D:2      | Reached skill level 3 in Stealth
  3220 | D:3      | Reached XP level 5. HP: 28/28 MP: 5/9
  3521 | D:3      | Reached skill level 1 in Short Blades
  4211 | D:4      | Learned a level 4 spell: Iskenderun's Mystic Blast
  4296 | D:4      | Found Tism's Book Emporium.
  4451 | D:4      | Reached skill level 4 in Stealth
  4616 | D:4      | Found a stormy altar of Qazlal.
  4620 | D:4      | Reached XP level 6. HP: 32/32 MP: 11/11
  4950 | D:5      | Entered Level 5 of the Dungeon
  5062 | D:5      | Noticed a wyvern
  5193 | D:5      | Noticed Sigmund
  5198 | D:5      | Killed Sigmund
  5199 | D:5      | Reached skill level 5 in Stealth
  5199 | D:5      | Reached XP level 7. HP: 37/37 MP: 8/12
  5411 | D:5      | Reached skill level 6 in Stealth
  5523 | D:5      | Found Ijuicata's Jewellery Emporium.
  5678 | D:5      | Reached skill level 1 in Fighting
  5678 | D:5      | Reached skill level 7 in Stealth
  5811 | D:5      | Killed a wyvern
  5812 | D:5      | Reached XP level 8. HP: 9/43 MP: 2/14
  6102 | D:5      | Reached skill level 8 in Stealth
  6837 | D:6      | Reached skill level 9 in Stealth
  6885 | D:6      | Found a staircase to the Ecumenical Temple.
  6895 | D:6      | Reached skill level 1 in Translocations
  6897 | Temple   | Entered the Ecumenical Temple
  7000 | Temple   | Became a worshipper of Nemelex Xobeh the Trickster
  7193 | D:6      | Reached skill level 5 in Short Blades
  7260 | D:6      | Reached XP level 9. HP: 37/47 MP: 4/15
  7719 | D:6      | Reached skill level 10 in Stealth
  7921 | D:6      | Found Sehurgh's Jewellery Shop.
  8104 | D:7      | Noticed a troll
  8224 | D:7      | Killed a troll
  8225 | D:7      | Reached skill level 5 in Spellcasting
  8483 | D:7      | Noticed Harold
  8494 | D:7      | Noticed Dowan
  8496 | D:7      | Demolished by Harold

Illustrated notes

Levels and vault maps discovered:
D:1:      nagdon_arrival_double_spiral, layout_rooms, serial_park_tiny_2
D:2:      minmay_inner_zag, layout_basic, st_stairs_5
D:3:      layout_basic, minmay_shallow_snake_nest
D:4:      layout_basic, marbit_many_paths, serial_shops, nicolae_shop_trees
D:5:      layout_loops_corners, serial_shops, shop, uniq_sigmund
D:6:      layout_rooms, minmay_temple_entry_overgrown, serial_shops,
          shop_fountains, st_stairs_9
D:7:      layout_gridville, uniq_duvessa, uniq_harold, uniq_pikel
Temple:   regret_index_temple_sigil_plot

Skill      XL: |  1  2  3  4  5  6  7  8  9 |
---------------+----------------------------+-----
Conjurations   | 5 6 |  6.8
Stealth        | 3 4 5 7 9 10 | 10.5
Short Blades   | 1 2 3 5 6 |  6.2
Spellcasting   | 3 4 5 |  5.1
Fighting       | 1 |  1.2
Dodging        | 3 |  3.8
Translocations | 1 2 |  2.5

Action                   |  1- 3 |  4- 6 |  7- 9 || total
-------------------------+-------+-------+-------++-------
Melee: Unarmed           |     2 |       |       ||     2
       Dagger            |     5 |    25 |    15 ||    45
 Cast: Magic Dart        |    46 |     3 |       ||    49
       Searing Ray       |    13 |    37 |    52 ||   102
  Use: Scroll            |     1 |     6 |     6 ||    13
       Potion            |       |       |     3 ||     3
 Stab: Sleeping          |     1 |    13 |    13 ||    27
Armor: Robe              |     1 |     3 |     1 ||     5
Dodge: Dodged            |    21 |    17 |    50 ||    88
